 Dungeon Crawl Stone Soup version 0.27.1-16-g815e20cd7a (webtiles) character file.

Game seed: 7675611110046996820

6 zeram the Caller (level 1, 0/13 HPs)
             Began as a Demonspawn Summoner on Nov 22, 2021.
             Slain by a quokka (2 damage)
             ... on level 1 of the Dungeon.
             The game lasted 00:01:55 (760 turns).

zeram the Caller (Demonspawn Summoner)               Turns: 760, Time: 00:01:55

Health: 0/13       AC:  2    Str:  8    XL:     1   Next: 75%
Magic:  1/3        EV: 12    Int: 16    God:
Gold:   102        SH:  0    Dex: 13    Spells: 3/4 levels left

rFire    . . .     SeeInvis .   (no weapon)
rCold    . . .     Faith    .   (no shield)
rNeg     . . .     Spirit   .   a - +0 robe
rPois    .         Reflect  .   (no helmet)
rElec    .         Harm     .   (no cloak)
rCorr    .         Rampage  .   (no gloves)
Will     .....                  (no boots)
Stlth    ++........             (no amulet)
HPRegen  0.04/turn              (no ring)
MPRegen  0.08/turn              (no ring)

@: no status effects
A: no striking features
a: no special abilities


You were on level 1 of the Dungeon.
You visited 1 branch of the dungeon, and saw 1 of its levels.

You collected 102 gold pieces.

Inventory:

Armour
 a - a +0 robe (worn)
Scrolls
 c - a scroll of enchant weapon


   Skills:
 - Level 1.7 Dodging
 - Level 1.7 Stealth
 - Level 2.0 Spellcasting
 + Level 4.3 Summonings


You had 3 spell levels left.
You knew the following spells:

 Your Spells              Type           Power      Damage    Failure   Level
a - Summon Small Mammal   Summ           60%        N/A       3%          1

Your spell library contained the following spells:

 Spells                   Type           Power      Damage    Failure   Level
 Call Imp                 Summ           15%        N/A       5%          2
 Call Canine Familiar     Summ           15%        N/A       11%         3
 Summon Guardian Golem    Hex/Summ       8%         N/A       26%         3
 Summon Lightning Spire   Summ/Air       8%         N/A       63%         4


Dungeon Overview and Level Annotations

Branches:
Dungeon (1/15)

Altars:


Message History

Unknown command.
Your bat closely misses the quokka.
The quokka bites your bat. The quokka barely misses you.
You barely miss the quokka. The quokka bites you.
Your bat hits the quokka. The quokka closely misses your bat.
The quokka closely misses your bat.
Your bat closely misses the quokka.
Your bat hits the quokka but does no damage.
Your bat misses the quokka. The quokka misses you.
You hit the quokka but do no damage.
The quokka is moderately wounded.
Your bat barely misses the quokka.
The quokka bites you.
Your bat misses the quokka. You hit the quokka.
The quokka is moderately wounded.
Your bat hits the quokka but does no damage.
The quokka closely misses you.
You barely miss the quokka.
The quokka is moderately wounded.
Your bat closely misses the quokka.
The quokka misses you.
Your bat hits the quokka but does no damage.
You hit the quokka.
The quokka is heavily wounded.
Your bat misses the quokka. The quokka bites you.
Your bat hits the quokka but does no damage.
The quokka bites your bat.
Your bat dies!
Your bat's corpse disappears in a puff of smoke!
Casting: Summon Small Mammal (safe; 3% risk of failure)
Confirm with . or Enter, or press ? or * to list all spells.
The quokka closely misses you.
Your quokka closely misses the quokka.
Your quokka misses the quokka. The quokka bites you.
* * * LOW HITPOINT WARNING * * *
Your quokka closely misses the quokka.
You aren't carrying any potions.
As you read the scroll labelled CADEIS DENE, it crumbles to dust.
It is a scroll of identify.
c - a scroll of enchant weapon The quokka bites you.
You die...

.# #...........# ###.##.##.#
.# #.####'####.##
#..§....... .#
#.#.......#..# #.####.###.
.#####.#.......#..###.####.#
.......#.[###..#...........#
##.....#..'_#†.#.####.######
#..#..#..###..#r# #.#
#..#..#.......#r# #.#
##).#..#.......#@# #.#
..÷....#########.# #..
##..#÷...........# ###
#..#..####..##### ##..#..#
##§# .(.....#####.#
##..##.......#
....########## ...##


You could see a quokka (ally target) and a friendly quokka (summoned).

Vanquished Creatures
  2 rats (D:1)
2 creatures vanquished.

Vanquished Creatures (collateral kills)
  A bat (D:1)
  A giant cockroach (D:1)
  A hobgoblin (D:1)
  A kobold (D:1)
  2 ball pythons (D:1)
  A frilled lizard (D:1)
7 creatures vanquished.

Grand Total: 9 creatures vanquished

Notes
Turn   | Place    | Note
-------+----------+-------------------------------------------
     0 | D:1      | zeram the Demonspawn Summoner began the quest for the Orb.
     0 | D:1      | Reached XP level 1. HP: 13/13 MP: 3/3
   708 | D:1      | Found a faded altar of an unknown god.
   760 | D:1      | Slain by a quokka

Illustrated notes

Levels and vault maps discovered:
D:1:      eino_arrival_water_star, layout_loops_ring,
          hellmonk_ecumenical_altar_inner_sanctum

Action                   || total
-------------------------++-------
Melee: Unarmed           ||    20
 Cast: Summon Small Mamm ||    23
  Use: Scroll            ||     1
Armor: Robe              ||     2
Dodge: Dodged            ||    15
